Map: 2000 Atmospheres LE

Players

Kaynen - Winner!

  • Race: Zerg Zerg
  • League: Gold

Heatman

  • Race: Protoss Protoss
  • League: Gold

VOD

Have the link to the VOD?

Description

How a wall can backfire in seconds

Time

  • Played on: Feb. 26, 2022, 12:08 a.m.
  • Length: 7:50
Show
View Real Time Build Order
Export as new Build Order

Kaynen Zerg - Winner!

Build Orders: Hatch First 

Get SALT Encoding   

  12  0:00  Drone  
  13  0:13  Overlord  
  13  0:17  Drone  
  14  0:32  Drone x2  
  16  0:49  Hatchery  
  15  0:53  Drone  
  15  0:56  Drone  
  17  1:06  Extractor  
  16  1:12  Spawning Pool  
  16  1:15  Drone  
  16  1:17  Drone  
  17  1:23  Drone  
  18  1:32  Drone  
  19  1:43  Overlord  
  19  2:00  Queen  
  19  2:01  Queen  
  23  2:02  Zergling x6  
  26  2:12  Drone x2  
  28  2:26  Drone x2  
  30  2:33  Roach Warren  
  29  2:46  Overlord  
  29  2:47  Drone x3  
  32  2:58  Overlord  
  32  2:59  Overlord  
  32  3:12  Overlord  
  32  3:13  Overlord  
  32  3:19  Drone x5  
  38  3:20  Drone  
  38  3:24  Extractor  
  38  3:26  Extractor  
  36  3:28  Lair  
  36  3:32  Drone  
  36  3:33  Drone  
  38  3:35  Drone  
  39  3:43  Drone x2  
  39  3:46  Drone x3  
  44  3:49  Drone  
  45  3:56  Drone x3  
  48  4:04  Spore Crawler  
  48  4:06  Spore Crawler  
  46  4:10  Drone x3  
  49  4:22  Drone x2  
  51  4:24  Hatchery  
  51  4:31  Roach, Evolution Chamber  
  49  4:32  Roach x2  
  49  4:34  Roach  
  49  4:36  Roach  
  59  4:43  Overseer  
  59  4:52  Pneumatized Carapace  
  59  4:53  Roach  
  59  4:54  Roach x4  
  69  5:01  Zerg Missile Weapons Level 1  
  69  5:10  Extractor  
  69  5:12  Overlord x3  
  68  5:26  Overlord  
  68  5:29  Queen  
  69  5:36  Roach  
  69  5:37  Roach x6  
  83  5:47  Queen  
  83  5:48  Queen  
  87  6:02  Drone x7  
  94  6:08  Overlord  
  94  6:09  Overlord x3  
  94  6:12  Ravager x3  
  94  6:13  Ravager x3  
  100  6:23  Overlord  
  100  6:24  Overlord x2  
  100  6:26  Glial Reconstitution  
  100  6:30  Roach x2  
  100  6:32  Roach  
  106  6:44  Roach  
  106  6:45  Roach x5  
  118  7:06  Roach  
  118  7:07  Roach x8  
  136  7:18  Roach x5  
  146  7:27  Drone  
  147  7:32  Extractor  
  147  7:33  Extractor  
Show
View Real Time Build Order
Export as new Build Order

Heatman Protoss 

Build Orders: Colossus Rush 

Get SALT Encoding   

  12  0:00  Probe (Chrono Boost)  
  13  0:16  Probe  
  14  0:24  Pylon  
  14  0:29  Probe  
  15  0:42  Probe  
  16  0:45  Gateway  
  16  0:54  Probe  
  17  0:58  Assimilator  
  17  1:01  Pylon  
  17  1:06  Probe (Chrono Boost)  
  18  1:17  Probe (Chrono Boost)  
  19  1:22  Probe (Chrono Boost)  
  20  1:31  Assimilator  
  20  1:33  Probe  
  21  1:41  Zealot  
  23  1:47  Gateway  
  23  1:49  Cybernetics Core  
  23  1:56  Probe  
  24  2:04  Pylon  
  24  2:19  Probe (Chrono Boost)  
  25  2:29  Warp Gate, Probe (Chrono Boost)  
  26  2:30  Stalker  
  26  2:34  Probe (Chrono Boost)  
  29  2:43  Nexus  
  29  2:51  Stalker  
  29  2:54  Probe  
  32  3:06  Probe (Chrono Boost)  
  32  3:08  Robotics Facility  
  33  3:18  Sentry, Probe (Chrono Boost)  
  36  3:22  Sentry  
  36  3:23  Probe (Chrono Boost)  
  39  3:39  Pylon  
  39  3:44  Pylon  
  39  3:53  Pylon  
  39  3:54  Probe (Chrono Boost), Stalker  
  42  4:00  Robotics Bay  
  42  4:07  Probe (Chrono Boost)  
  42  4:08  Probe (Chrono Boost)  
  44  4:14  Probe (Chrono Boost)  
  46  4:18  Probe (Chrono Boost)  
  46  4:22  Probe (Chrono Boost)  
  49  4:31  Probe (Chrono Boost)  
  49  4:32  Probe (Chrono Boost)  
  49  4:36  Probe (Chrono Boost)  
  50  4:39  Probe  
  51  4:46  Stalker  
  51  4:52  Probe x2  
  55  4:54  Colossus  
  61  5:04  Probe (Chrono Boost)  
  63  5:08  Probe (Chrono Boost)  
  63  5:13  Assimilator  
  64  5:14  Assimilator  
  64  5:15  Probe (Chrono Boost)  
  64  5:20  Probe (Chrono Boost)  
  65  5:24  Probe (Chrono Boost)  
  65  5:28  Pylon, Probe (Chrono Boost)  
  67  5:31  Pylon  
  67  5:34  Nexus  
  67  5:38  Stalker  
  67  5:39  Probe  
  67  5:40  Probe  
  71  5:50  Twilight Council  
  71  5:51  Probe  
  71  5:52  Gateway, Probe  
  71  5:53  Gateway  
  73  6:03  Probe  
  74  6:04  Gateway, Probe  
  74  6:09  Gateway  
  74  6:10  Gateway  
  75  6:12  Gateway  
  75  6:15  Gateway  
  75  6:16  Probe (Chrono Boost)  
  75  6:17  Gateway  
  76  6:19  Gateway  
  78  6:26  Probe (Chrono Boost)  
  78  6:27  Probe (Chrono Boost)  
  78  6:30  Templar Archives  
  78  6:32  Observer  
  79  6:35  Probe (Chrono Boost)  
  79  6:38  Stalker  
  82  6:40  Stalker  
  82  6:45  Probe x2  
  86  6:53  Probe  
  87  6:57  Probe  
  87  6:58  Probe  
  89  7:07  Zealot x2  
  89  7:08  Zealot x4  
  101  7:20  Pylon  
  93  7:33  Zealot x6  
  85  7:41  Zealot  
Tags
 
Add a new tag
Caveats
  • Supply blocks, unpowered buildings, or Contaminate may cause inaccurate times.
  • Supply counts are checked every 10 seconds.